AoeStats
← F e m t o

Northern Isles

510437443Analyzed
1v1 RM · 2d ago on Oct 1, 2026· 55m 32s· 2 players
Game mode
Random Map
Map size
Tiny (2 player)
Population
200
Speed
Normal
Resources
Standard
Victory
Conquest
Starting age
Dark Age
Ending age
Imperial Age
RankedLock teamsTeams togetherTeam positionsShared explorationLock speedFull tech treeHidden civsTurbo modeCheats
Victory
Defeat
966
+15
🇨🇱 Danes · Chile
943
-15
F e m t o
7:12 Loom
9:38 Feudal Age
10:29 Double-Bit Axe
11:42 Horse Collar
18:38 Castle Age
18:50 Fletching
21:28 Bodkin Arrow
23:58 Wheelbarrow
23:33 Squires
24:04 Scale Mail Armor
24:14 Forging
25:52 Gambesons
28:56 Town Watch
31:25 Stone Mining
31:26 Gold Mining
32:45 Heavy Plow
39:03 Imperial Age
39:28 Ballistics
39:59 Bracer
41:04 Careening
43:51 Masonry
44:24 Elite Longship
46:07 Block Printing
46:50 Conscription
47:24 Heated Shot
48:34 Chemistry
50:50 Chain Mail Armor
50:45 Forging
53:56 Elite Jomsviking
nMe_General Knowledge the Great
12:17 Feudal Age
13:26 Double-Bit Axe
13:54 Fishing Lines
18:40 Castle Age
18:23 Gold Mining
18:20 Horse Collar
19:42 Medium Warships
19:26 Gillnets
20:35 Fletching
20:45 Scale Mail Armor
20:50 Loom
22:56 Clinker Construction
23:28 Bodkin Arrow
25:56 Chain Mail Armor
29:53 Bow Saw
31:47 Wheelbarrow
31:42 Padded Archer Armor
31:54 Careening
32:06 Ballistics
37:05 Imperial Age
35:30 Murder Holes
36:29 Medical Corps
37:15 Hand Cart
39:13 Heavy Warships
39:16 Dry Dock
39:57 Chemistry
41:29 Two-Man Saw
41:01 Block Printing
42:32 Shipwright
43:11 Wootz Steel
48:46 Carvel Hull
51:16 Bracer
51:16 Heated Shot
53:17 Conscription
52:48 Elite Cannon Galleon
54:32 Elite Urumi Swordsman
56:06 Plate Mail Armor
55:48 Forging
55:54 Leather Archer Armor
Connection lost

Rejoining the realm…

Still unreachable

The connection could not be restored.

Session expired

The server has moved on; the page needs a fresh start.